 Dungeon Crawl Stone Soup version 0.7.1-24-ga64cc90 character file.

209390 soul the Destroyer (level 18, -7/112 (113) HPs)
             Began as a Demigod Wizard on Oct 13, 2010.
             Mangled by a four-headed hydra (10 damage)
             ... on Level 5 of the Swamp.
             The game lasted 06:01:37 (122409 turns).

soul the Destroyer (Demigod Wizard)               Turns: 122409, Time: 06:01:37

HP  -7/112 (113) AC 12     Str 17 Exp: 18/330389 (2), need: 47210
MP  30/37        EV 14     Int 23      God:
Gold 2235        SH 21     Dex 19      Spells: 13 memorised,  1 level left

Res.Fire  : + . .   See Invis. : .   g - +11,+4 long sword of Shrusuck {drain, rEle Res.Cold : + + + Warding : . c - -1 elf ring mail {rC+} Life Prot.: . . . Conserve : + X - +4 shield "Meniax" {EV+4 Str+2 Int+2}
Res.Poison: +       Res.Corr.  : .   P - +1 cap {rC+}
Res.Elec. : +       Clarity    : .   l - +3 cloak "Ciesiek" {+Inv MR Curse} Spirit.Shd: . Stasis : .
                                     Z - +2 pair of gloves
Sust.Abil.: . .     Rnd.Telep. : .   (no boots)
Res.Mut.  : .       Ctrl.Telep.: +   o - amulet of conservation
Res.Rott. : .       Levitation : .   j - ring of teleport control
Saprovore : . . .   Ctrl.Flight: .   a - ring of Coward {Ice +Lev rElec rPois Curse

@: about to teleport, extraordinarily resistant to hostile enchantments, fairly
stealthy
A: Str -2, Int -1
a: Evoke Invisibility, Evoke Levitation


You were on level 5 of the Swamp.
You were hungry.

You visited 7 branches of the dungeon, and saw 49 of its levels.
You visited 2 Labyrinths.
You visited 4 portal chambers: ossuary, ice cave, volcano, bailey.

You collected 4230 gold pieces.
You spent 2015 gold pieces at shops.

Inventory:

Hand weapons
 g - the +11,+4 long sword of Shrusuck (weapon) {drain, rElec rF++ Dex+2 Int-5}
   (You found it on level 4 of the Swamp)

   A truly terrible weapon, it drains the life of those it strikes.
   It affects your intelligence (-5).
   It affects your dexterity (+2).
   It greatly protects you from fire.
   It insulates you from electricity.
 v - a +1,+4 scimitar of flaming
 z - the +5,+1 long sword "Orb Guardian's Regret" {slice, rPois AC+6 EV+1 SInv}
   (You found it on level 6 of the Elven Halls)

   It inflicts extra damage upon your enemies.
   It affects your AC (+6).
   It affects your evasion (+1).
   It protects you from poison.
   It enhances your eyesight.
 M - a +3,+5 orcish falchion of freezing
Armour
 c - a -1 elven ring mail of cold resistance (worn)
 l - the +3 cloak "Ciesiek" (worn) {+Inv MR Curse}
   (You found it on level 18 of the Dungeon)

   It increases your resistance to enchantments.
   It lets you turn invisible.
   It may recurse itself.
 P - a +1 cap of cold resistance (worn)
 X - the +4 shield "Meniax" (worn) {EV+4 Str+2 Int+2}
   (You took it off an orc warrior on level 21 of the Dungeon)

   It affects your evasion (+4).
   It affects your strength (+2).
   It affects your intelligence (+2).
 Z - a +2 pair of gloves (worn)
Magical devices
 e - a wand of hasting (8)
 h - a wand of magic darts (15)
 k - a wand of fireball (4)
 p - a wand of draining (5)
 q - a wand of flame (2)
 A - a wand of lightning (6)
 C - a wand of teleportation (8)
 D - a wand of digging (11)
 I - a wand of fireball (0)
 W - a wand of fire (5)
Comestibles
 f - 7 rotting chunks of swamp dragon flesh
 m - a rotting chunk of giant mosquito flesh
 u - 4 honeycombs
Scrolls
 d - a scroll of magic mapping
 w - 2 scrolls of identify
 y - 3 scrolls of remove curse
 G - a scroll of fog
 H - 2 scrolls of blinking
Jewellery
 a - the ring of Coward (left hand) {Ice +Lev rElec rPois Curse}
   (You bought it in a shop on level 1 of the Elven Halls)

   [ring of ice]

   It insulates you from electricity.
   It protects you from poison.
   It lets you levitate.
   It may recurse itself.
 i - an uncursed ring of regeneration
 j - a ring of teleport control (right hand)
 o - an amulet of conservation (around neck)
 J - an uncursed ring of wizardry
 R - an uncursed ring of see invisible
 S - an uncursed ring of protection from fire
 U - an uncursed ring of magical power
Potions
 b - a potion of levitation
 n - 2 potions of speed
 L - 7 potions of healing You had 2 experience left.


   Skills:
 + Level 3 Fighting
 + Level 6 Long Blades
 + Level 6 Armour
 + Level 6 Dodging
 - Level 3 Stealth
 + Level 2 Shields
 + Level 2 Traps & Doors
 + Level 11 Spellcasting
 + Level 17 Conjurations
 + Level 10 Enchantments
 + Level 2 Summonings
 + Level 4 Translocations
 + Level 14 Fire Magic
 + Level 9 Earth Magic
 + Level 4 Evocations


You had one spell level left.
You knew the following spells:

 Your Spells              Type           Power        Success   Level
a - Magic Dart            Conj           #####        Excellent   1
b - Mephitic Cloud Pois/Air/Conj ######....     Very         Good        3
c - Blink Tloc            N/A            Very         Good        2
d - Conjure Flame         Fire/Conj      ######...    Excellent   3
e - Throw Flame           Fire/Conj      ######.      Excellent   2
f - Summon Small Mammals  Summ           ####.        Good        1
g - Fireball Fire/Conj    ######....     Very         Good        6
h - Stone Arrow           Erth/Conj      #######      Excellent   3
i - Corona                Ench           #######.     Excellent   1
j - Swiftness Air/Ench    #####.....     Very         Good        2
k - Sticky Flame          Fire/Conj      ######...    Excellent   4
l - Bolt of Fire Fire/Conj ######....     Very         Good        6
m - Selective Amnesia     Ench           N/A          Great       4

Dungeon Overview and Level Annotations

Branches:
Dungeon (23/27)            Temple (1/1) D:4             Orc (4/4) D:7
    Elf (6/7) Orc:4          Lair (8/8) D:13          Swamp (5/5) Lair:2
 Shoals (0/5) Lair:5        Slime (0/6) Lair:6         Hive (2/2) D:12
  Vault (0/8) D:19
    Pan: D:21-27

Shops:
D:7: [( D:8: ![%[% D:9: [ D:17: + D:22: / Orc:2: ?*/ Orc:4: [ Elf:1: = Elf:3: ! Elf:4: % Elf:5: *

Portals:
Hell: D:21 D:22
Abyss: D:21 D:22

Annotations
D:10 exclusion: 26 freezing vapour clouds
D:16 mimic
D:20 ghost,frederick
D:21 boris, mara
D:22 exclusion: 9 flame clouds
D:23 exclusion: 2 oklob plants
Swamp:1 mighty ghost
Swamp:4 aizul


Innate Abilities, Weirdness & Mutations

You are clumsy (Dex -1).
You are dopey (Int -1).
Your muscles are flexible, but weak (Str -1, Dex +1).
You are weak (Str -1).


Message History

* * * LOW HITPOINT WARNING * * *
The four-headed hydra bites you!
* * * LOW HITPOINT WARNING * * *
The four-headed hydra bites you!
* * * LOW HITPOINT WARNING * * *
The four-headed hydra bites you!
You die...

~~~~.~.~.
###~~~~.~#~~
#~~~..~.##.~.
#~..~~~#~~.#~~
#~~~~..~.~.~.#~
##~#.~~#D~~~~~~~
#~#~%##~###~~.~.
#~~~#..D.#..~#..
#~#.#.D@D..~~~.~
##.~~~##w##.~~~~
##~~~.~####~~..#
~~~7
#~~#.######~#(~#
.~~~~
#~##.~#####.~~~~
.....
##~~~#....~~~..
~..~7 7
#~.~~###~~~~#
~..~7777#.#.~#
~~#~
...7777~##~..#
##


You could see a six-headed hydra, a five-headed hydra, a four-headed hydra, a
swamp dragon and a swamp worm.

Vanquished Creatures
  Rupert (D:16)
  A sphinx (D:20)
  Frances (D:17)
  The ghost of soul the Destroyer, a mighty DGWz (D:22)
  Donald (Elf:4)
  Gastronok (D:7)
  2 stone giants (D:21)
  A sphinx zombie (D:16)
  The ghost of soul the Conjurer, a powerful DGWz (Lair:5)
  A storm dragon zombie (D:22)
  2 dragons
  2 minotaurs (Lab)
  A yaktaur captain (D:22)
  Erica (D:16)
  Josephine (D:16)
  An ice dragon (Lair:7)
  A great orb of eyes (D:22)
  A storm dragon skeleton (D:22)
  A hydra (shapeshifter) (D:14)
  Harold (Orc:2)
  2 dancing weapons (D:19)
  15 hydras
  A deep elf demonologist (Elf:3)
  6 alligators
  3 ogre magi
  3 very ugly things (D:21)
  A stone giant zombie (D:17)
  10 death yaks
  8 centaur warriors
  26 deep elf knights
  3 stone giant skeletons
  3 skeletal warriors (D:18)
  2 unseen horrors
  A flayed ghost (D:22)
  2 ice statues
  A wizard (D:18)
  2 giant amoebae
  Pikel (D:5)
  5 orc sorcerers
  12 orc knights
  7 swamp dragons (Swamp:5)
  13 hill giants
  A necromancer (Port)
  2 red wasps
  A cyclops (shapeshifter) (D:19)
  A spiny worm (D:19)
  A hydra skeleton (D:21)
  The ghost of soul the Conjurer, an experienced DGWz (D:8)
  A wolf spider zombie (D:13)
  An elf (shapeshifter) (Elf:5)
  2 mimics (D:18)
  6 cyclopes
  Maurice (D:9)
  A guardian serpent zombie (D:19)
  45 slime creatures
  A trapdoor spider (D:15)
  2 wolf spiders
  2 elephant slugs
  5 black mambas
  14 spiny frogs
  A giant toad zombie (D:13)
  A griffon skeleton (D:19)
  2 hellwings
  5 yaktaurs (D:21)
  An ice dragon skeleton (D:15)
  61 ugly things
  2 hill giant zombies (D:16)
  11 trolls
  A hill giant skeleton (D:16)
  2 redbacks (D:22)
  Sonja (D:14)
  5 komodo dragons
  A deep troll zombie (D:22)
  A queen bee (Hive:2)
  An efreet (D:14)
  3 blink frogs (Lair:8)
  9 polar bears
  2 rock troll zombies
  A baby alligator (shapeshifter) (Elf:1)
  A spriggan (shapeshifter) (Elf:1)
  A wandering mushroom (Lair:8)
  The ghost of nsdk the Reanimator, an average DDNe (D:5)
  An ettin (Orc:4)
  A deep troll skeleton (D:22)
  16 two-headed ogres
  2 rock troll skeletons
  29 giant toads
  2 vampires
  4 human zombies (D:7)
  5 grizzly bears (Lair:8)
  4 baby alligators
  57 yaks
  2 wraiths
  12 bears
  22 deep elf summoners
  22 deep elf conjurers
  3 wyverns
  A clay golem (D:16)
  2 neqoxecs (Elf:6)
  Grum (D:9)
  3 hog skeletons (Port)
  16 giant blowflies
  A fire drake (shapeshifter) (Elf:6)
  A manticore (D:14)
  3 giant blowfly zombies
  3 hungry ghosts
  34 deep elf fighters
  A fire drake (Lair:8)
  7 hippogriffs
  4 mottled dragons
  A ghoul (D:7)
  A rock worm (D:19)
  A soldier ant (shapeshifter) (D:18)
  17 war dogs
  53 orc warriors
  20 swamp worms
  2 cyclops zombies
  3 yaktaur skeletons
  2 necrophages
  A rock worm (shapeshifter) (Elf:2)
  31 ogres
  17 deep elf priests
  13 ice beasts
  A slave (D:5)
  17 swamp drakes
  3 cyclops skeletons
  7 giant goldfish
  The ghost of gofftc the Covered, an average MiFi of Makhleb (D:4)
  Menkaure (Port)
  15 freezing wraiths
  3 phantoms
  A yak zombie (D:16)
  23 deep elf magi
  3 yellow wasps
  A kobold demonologist (D:19)
  2 boring beetles
  13 gila monsters
  2 wolves (Lair:7)
  8 crocodiles
  An elf skeleton (Elf:1)
  Duvessa (D:4)
  A boring beetle zombie (D:16)
  18 centaurs
  25 giant frogs
  5 giant slugs
  2 wargs (Orc:2)
  10 water moccasins
  5 big kobolds
  3 giant snails
  Blork the orc (D:5)
  A human skeleton (D:7)
  12 giant leeches
  3 water moccasin zombies
  3 yak simulacra (Port)
  A boulder beetle (D:21)
  2 troll simulacra (Port)
  13 jellyfish
  128 killer bees
  A killer bee zombie (D:15)
  A wolf simulacrum (Port)
  6 wights
  6 big kobold zombies
  16 electric eels
  10 imps
  A shadow (D:8)
  Dowan (D:4)
  An iron imp (Elf:6)
  7 hounds
  2 centaur simulacra (Port)
  A hound zombie (D:5)
  A gila monster skeleton (D:21)
  23 orc priests
  2 giant beetles
  A quasit (D:15)
  A big kobold skeleton (D:11)
  16 iguanas
  2 draconian simulacra (Port)
  9 big fish
  32 orc wizards
  5 scorpions
  45 deep elf soldiers
  10 giant ants
  2 hound skeletons
  A giant ant zombie (D:13)
  2 orange rats (Elf:4)
  An elf zombie (Elf:5)
  4 jellies
  4 ogre simulacra (Port)
  10 sheep
  Ijyb (D:4)
  Jessica (D:3)
  A naga simulacrum (Port)
  2 flying skulls (Port)
  A giant beetle zombie (D:13)
  A human simulacrum (Port)
  A lemure (Elf:6)
  3 giant centipedes
  11 gnolls
  39 green rats
  A midge (Elf:4)
  25 snakes
  2 scorpion zombies
  12 white imps (Port)
  A snake skeleton (D:5)
  4 snake zombies (Port)
  4 giant mites
  18 giant mosquitos
  8 worms
  4 ufetubi
  3 elf simulacra (Port)
  3 gnoll zombies (Port)
  A giant bat zombie (D:5)
  3 giant eyeballs
  An ooze (D:1)
  42 giant bats
  9 giant cockroaches
  25 goblins
  30 grey rats
  24 hobgoblins
  28 jackals
  38 kobolds
  255 orcs
  11 quokkas
  11 giant geckos
  11 giant newts
  3 giant spores (D:16)
  2 hobgoblin zombies (Port)
  40 killer bee larvae
  A kobold (shapeshifter) (Elf:3)
  5 kobold zombies (Port)
  5 orc simulacra (Port)
  An orc skeleton (D:11)
  11 orc zombies
  32 rats
  A rat skeleton (D:4)
  A rat zombie (D:5)
  4 small snakes
  11 ballistomycetes
  2 fungi
  5 plants
  45 toadstools
2137 creatures vanquished.

Vanquished Creatures (collateral kills)
  A giant toad (D:16)
  4 mummies
  A hobgoblin (D:11)
6 creatures vanquished.

Vanquished Creatures (others)
  A frost giant (D:22)
  A frost giant zombie (D:22)
  A centaur warrior (D:22)
  An unseen horror (D:18)
  3 ugly things (D:22)
  A fire drake skeleton (Port)
  A crocodile (Lair:8)
  A soldier ant zombie (D:14)
  2 killer bees (D:11)
  A wight (D:16)
  A deep elf soldier (Elf:3)
  A jelly (D:14)
  2 mummies (Port)
  3 green rats
  3 grey rats
  A hobgoblin (shapeshifter) (D:16)
  6 orcs
  A giant bat (Port)
  2 giant geckos
  A giant newt (D:5)
  6 giant spores
  2 goblins
  6 killer bee larvae (Hive:2)
  4 quokkas
  A quokka zombie (D:21)
  6 rats
  8 ballistomycetes (D:16)
  2 bushes (Lair:8)
  27 fungi
  29 plants
  182 toadstools
307 creatures vanquished.

Grand Total: 2450 creatures vanquished

Notes
Turn   | Place    | Note
--------------------------------------------------------------
     0 | D:1      | soul, the Demigod Wizard, began the quest for the Orb.
     0 | D:1      | Reached XP level 1. HP: 10/10 MP: 6/6
     0 | D:1      | Reached skill 1 in Conjurations
   534 | D:1      | Reached XP level 2. HP: 16/16 MP: 5/9
   755 | D:1      | Reached skill 3 in Conjurations
  1486 | D:2      | Reached XP level 3. HP: 22/22 MP: 9/11
  1514 | D:2      | Learned a level 3 spell: Mephitic Cloud
  1517 | D:2      | Learned a level 2 spell: Blink
  2558 | D:3      | Noticed Jessica
  2591 | D:3      | Reached skill 4 in Conjurations
  2622 | D:3      | Defeated Jessica
  2742 | D:3      | Reached skill 1 in Translocations
  3204 | D:3      | Reached XP level 4. HP: 28/28 MP: 12/14
  3215 | D:3      | Learned a level 3 spell: Conjure Flame
  3993 | D:4      | Reached skill 5 in Conjurations
  4001 | D:4      | Noticed gofftc's ghost
  4011 | D:4      | Defeated gofftc's ghost
  4011 | D:4      | Reached XP level 5. HP: 26/34 MP: 6/16
  4203 | D:4      | Reached skill 6 in Conjurations
  4345 | D:4      | Noticed Dowan
  4728 | D:4      | Found a staircase to the Ecumenical Temple.
  4847 | D:4      | Noticed Duvessa
  4854 | D:4      | Gained mutation: You are frail (-10% HP).
  4860 | D:4      | Defeated Duvessa
  4860 | D:4      | Reached XP level 6. HP: 36/36 MP: 4/18
  4951 | D:4      | Reached skill 7 in Conjurations
  4969 | D:4      | Learned a level 2 spell: Throw Flame
  5196 | D:4      | Reached skill 1 in Fire Magic
  5976 | D:4      | Reached skill 8 in Conjurations
  6089 | D:5      | Entered Level 5 of the Dungeon
  6135 | D:4      | Defeated Dowan
  6364 | D:5      | Noticed Blork the orc
  6370 | D:5      | Reached XP level 7. HP: 41/41 MP: 14/20
  6541 | D:5      | Defeated Blork the orc
  7112 | D:5      | Noticed Ijyb
  7286 | Temple   | Entered the Ecumenical Temple
  7388 | D:5      | Noticed nsdk's ghost
  7775 | D:5      | Found a deep blue altar of Sif Muna.
  7936 | D:4      | Defeated Ijyb
  8062 | D:5      | Defeated nsdk's ghost
  8293 | D:4      | Learned a level 1 spell: Summon Small Mammals
  8650 | D:5      | Noticed Pikel
  8659 | D:5      | Defeated Pikel
  8659 | D:5      | Reached XP level 8. HP: 43/46 MP: 7/22
  8743 | D:5      | Reached skill 9 in Conjurations
  9024 | D:5      | Reached skill 5 in Fire Magic
  9031 | D:5      | Reached skill 5 in Spellcasting
  9329 | D:6      | Got a pitted chain mail
 10274 | D:6      | Found a glowing golden altar of the Shining One.
 10277 | D:6      | Found a glowing silver altar of Zin.
 10282 | D:6      | Found a white marble altar of Elyvilon.
 10496 | Temple   | Identified the cursed -4 chain mail of Failure (You found it on level 6 of the Dungeon)
 10852 | D:7      | Found Psabud's Armour Boutique.
 10853 | D:7      | Found a staircase to the Orcish Mines.
 10854 | D:7      | Found Duunyluygg's Weapon Boutique.
 10905 | D:7      | Reached XP level 9. HP: 49/52 MP: 14/24
 11065 | D:7      | Reached skill 10 in Conjurations
 11159 | D:7      | Noticed a wraith
 11165 | D:7      | Reached XP level 8. HP: 33/48 MP: 10/23
 11369 | D:7      | Reached XP level 9. HP: 45/52 MP: 24/24
 11904 | D:7      | Found an ancient bone altar of Kikubaaqudgha.
 12752 | D:6      | Reached skill 1 in Summonings
 13085 | D:8      | Got a polished crossbow
 13152 | D:8      | Noticed soul's ghost
 13273 | D:8      | Defeated soul's ghost
 13610 | D:8      | Reached skill 11 in Conjurations
 13646 | D:8      | Found Qigan's Distillery.
 13646 | D:8      | Found Cedud's Antique Armour Shoppe.
 13943 | D:8      | Bought a potion of slowing for 1 gold piece
 13943 | D:8      | Bought a potion of paralysis for 1 gold piece
 13943 | D:8      | Bought a potion of slowing for 1 gold piece
 13960 | D:8      | Identified a scroll of acquirement
 13961 | D:8      | Got an ancient banded mail
 13974 | D:8      | Identified the -2 banded mail of Truth (You acquired it on level 8 of the Dungeon)
 14058 | D:8      | Found Acvif's Food Boutique.
 14087 | D:8      | Found a sand-covered staircase. 14095
                  | ossuary
                  | Entered a tomb 15672
                  | ossuary
                  | Reached skill 1 in Long Blades
 16254 | D:8      | You fall through a shaft!
 16254 | D:10     | Entered Level 10 of the Dungeon
 16551 | D:10     | Reached XP level 10. HP: 57/57 MP: 22/27
 17684 | D:12     | Found a staircase to the Hive.
 18049 | D:12     | Reached skill 1 in Armour
 19050 | D:12     | Reached skill 12 in Conjurations
 20453 | D:11     | Reached XP level 11. HP: 56/63 MP: 16/27
 21615 | D:9      | Noticed Grum
 21864 | D:9      | Noticed Maurice
 22506 | D:9      | Defeated Maurice
 22766 | D:9      | Reached skill 1 in Evocations
 22859 | D:9      | Defeated Grum
 22919 | D:9      | Found a blossoming altar of Fedhas.
 22979 | D:9      | Found Xitogh's Armour Shoppe.
 23280 | D:8      | Found Onoicet's Antique Armour Boutique.
 23300 | D:8      | Found Jany's Food Boutique.
 23999 | D:12     | Reached skill 1 in Fighting
 24406 | D:13     | Reached skill 10 in Fire Magic
 24646 | D:13     | Found a staircase to the Lair.
 24943 | D:13     | Reached skill 13 in Conjurations
 25687 | Lair:1   | Entered Level 1 of the Lair of Beasts
 25983 | Lair:1   | Lost mutation: You are frail (-10% HP).
 25992 | Lair:1   | Gained mutation: You are clumsy (Dex -1).
 25992 | Lair:1   | Gained mutation: You have supernaturally acute eyesight.
 25992 | Lair:1   | Gained mutation: Your muscles are flexible, but weak (Str -1, Dex +1).
 26803 | Lair:1   | Learned a level 6 spell: Fireball
 27531 | Lair:1   | Learned a level 3 spell: Stone Arrow
 28044 | Lair:2   | Reached XP level 12. HP: 69/78 MP: 23/29
 28106 | Lair:2   | Found a staircase to the Swamp.
 32781 | Lair:5   | Found a staircase to the Shoals.
 32979 | Lair:5   | Reached skill 14 in Conjurations
 32984 | Lair:5   | Noticed soul's ghost
 33493 | Lair:6   | Found a labyrinth entrance.
 33516 | Lab      | Entered a Labyrinth
 34209 | Lab      | Got a heavily runed scale mail
 34504 | Lab      | Learned a level 1 spell: Corona
 34507 | Lab      | Learned a level 2 spell: Swiftness
 34546 | Lab      | Identified the cursed -1 scale mail of Ykimaaxor (You found it in a Labyrinth)
 34782 | Lair:1   | Reached skill 1 in Enchantments
 34989 | Lair:5   | Defeated soul's ghost
 37540 | Lair:6   | Found a staircase to the Slime Pits.
 38097 | Lair:6   | Reached skill 5 in Enchantments
 38285 | Lair:6   | Reached XP level 13. HP: 49/85 MP: 13/31
 39204 | Lair:7   | Found a frozen archway.
 39497 | IceCv    | Entered an ice cave
 41073 | IceCv    | Found an ancient bone altar of Kikubaaqudgha.
 41932 | Lair:7   | Got a twisted leather armour
 42275 | Lair:7   | Reached skill 1 in Traps & Doors
 42701 | Lair:1   | Identified the +0 leather armour of the Suburbs (You found it on level 7 of the Lair of Beasts)
 42725 | Lair:1   | Learned a level 4 spell: Selective Amnesia
 42870 | Lair:8   | Entered Level 8 of the Lair of Beasts
 42981 | Lair:8   | Noticed a wandering mushroom
 42986 | Lair:8   | Defeated a wandering mushroom
 46809 | Lair:8   | Reached skill 5 in Armour
 47496 | Lair:8   | Got a levitating book
 47497 | Lair:8   | Identified Sif Muna's Papyrus of the Voyage (You found it on level 8 of the Lair of Beasts)
 47981 | Orc:1    | Entered Level 1 of the Orcish Mines
 48156 | Orc:2    | Noticed Gastronok
 48406 | D:7      | Defeated Gastronok
 48406 | D:7      | Reached XP level 14. HP: 90/90 MP: 20/32
 48696 | Orc:2    | Found Qoef's Magic Scroll Shoppe.
 48698 | Orc:2    | Found Keiffa's General Store.
 48818 | Orc:2    | Found Mnoshula's Magical Wand Shop.
 49104 | Orc:2    | Bought a wand of hasting (5) for 390 gold pieces
 49724 | Orc:3    | Noticed Harold
 50210 | Orc:2    | Defeated Harold
 50351 | Orc:3    | Reached skill 5 in Dodging
 50640 | Orc:3    | Found a dark tunnel.
 50701 | Volcano  | Entered a volcano
 50790 | Volcano  | Noticed Menkaure
 50828 | Volcano  | Defeated Menkaure
 51222 | Orc:4    | Entered Level 4 of the Orcish Mines
 51225 | Orc:4    | Noticed a cyclops
 51421 | Orc:4    | Noticed a two-headed ogre
 51588 | Orc:4    | Defeated a two-headed ogre
 51920 | Orc:4    | Found Tuanuboi's Antique Armour Emporium.
 52082 | Orc:4    | Found a staircase to the Elven Halls.
 52084 | Orc:4    | Found a roughly hewn altar of Beogh.
 52109 | Orc:4    | Reached skill 5 in Long Blades
 52192 | Orc:4    | Defeated a cyclops
 52676 | Orc:4    | Noticed an ettin
 52680 | Orc:4    | Defeated an ettin
 52766 | Orc:3    | Noticed a two-headed ogre
 52925 | Orc:4    | Defeated a two-headed ogre
 54124 | D:14     | Reached skill 1 in Earth Magic
 54786 | D:14     | Found a flagged portal. 54915
                  | bailey
                  | Entered the bailey
 56727 | D:14     | Reached skill 15 in Conjurations
 57431 | D:14     | Found a snail-covered altar of Cheibriados.
 57451 | D:14     | Noticed Sonja
 57458 | D:14     | Defeated Sonja
 57839 | D:15     | Entered Level 15 of the Dungeon
 62002 | D:16     | Noticed Erica
 62010 | D:16     | Defeated Erica
 62415 | D:16     | Noticed Rupert
 62492 | D:16     | Defeated Rupert
 62701 | D:16     | Noticed Josephine
 62725 | D:16     | Reached skill 1 in Shields
 62741 | D:16     | Defeated Josephine
 63457 | D:13     | Reached XP level 15. HP: 95/95 MP: 11/33
 64005 | D:17     | Found Qinycah's Book Shop.
 65880 | D:17     | Noticed Frances
 68076 | D:17     | Lost mutation: You have supernaturally acute eyesight.
 68214 | D:17     | Defeated Frances
 68358 | D:17     | Reached skill 10 in Spellcasting
 68771 | Lair:1   | Learned a level 4 spell: Sticky Flame
 68778 | Lair:1   | Learned a level 6 spell: Bolt of Fire
 68940 | D:18     | Got a faintly humming cloak
 68946 | D:18     | Identified the +3 cloak "Ciesiek" (You found it on level 18 of the Dungeon)
 71852 | D:18     | Reached skill 5 in Earth Magic
 71908 | D:19     | Noticed a glaive
 71910 | D:19     | Noticed a battleaxe
 72340 | D:19     | Found a staircase to the Vaults.
 74447 | D:19     | Defeated a glaive
 74637 | D:19     | Defeated a battleaxe
 74965 | D:20     | Entered Level 20 of the Dungeon
 75073 | D:20     | Noticed Frederick
 75224 | D:20     | Reached XP level 16. HP: 100/103 MP: 12/35
 75497 | D:20     | Found a labyrinth entrance.
 75505 | Lab      | Entered a Labyrinth
 77404 | Lab      | Got an inconspicuous book
 77405 | Lab      | Got a faintly glowing scale mail
 77585 | Lab      | Identified the +2 scale mail of the Forsaken Moons (You found it in a Labyrinth)
 77586 | Lab      | Identified the Guide on Calling (You found it in a Labyrinth)
 78036 | D:20     | Reached skill 16 in Conjurations
 78333 | D:20     | Noticed Wayne
 79063 | D:20     | You fall through a shaft!
 79416 | D:22     | Found a one-way gate to the infinite horrors of the Abyss.
 79580 | D:22     | Noticed soul's ghost
 79623 | D:22     | Defeated soul's ghost
 80639 | D:22     | Reached skill 10 in Enchantments
 81649 | D:22     | Found a gateway to Hell.
 81888 | D:22     | Found Raapnof's Magical Wand Shop.
 83113 | D:21     | Noticed Mara
 83123 | D:21     | Noticed soul's ghost
 84479 | D:21     | Noticed Boris
 85384 | D:21     | Got a dazzling shield
 85418 | D:21     | Identified the +4 shield "Meniax" (You took it off an orc warrior on level 21 of the Dungeon)
 86120 | D:21     | Reached XP level 17. HP: 47/108 MP: 24/36
 86581 | D:21     | Reached XP level 16. HP: 17/103 MP: 26/36
 86736 | D:22     | Reached XP level 17. HP: 80/108 MP: 36/36
 87260 | D:20     | Got a crystal war axe
 87457 | D:20     | Noticed soul's ghost
 88993 | D:7      | Bought a +1 large shield of poison resistance for 446 gold pieces
 89291 | Hive:1   | Entered Level 1 of the Hive
 90210 | Hive:2   | Entered Level 2 of the Hive
 90321 | Hive:2   | Got an ichor-stained leather armour
 93441 | Hive:2   | Identified the +1 leather armour "Xoettuel" (You found it on level 2 of the Hive)
 93860 | Elf:1    | Entered Level 1 of the Elven Halls
 95116 | Elf:1    | Got an ancient spear
 95488 | Elf:1    | Found Pniatusa's Jewellery Boutique.
 95496 | Elf:1    | Bought an uncursed ring of see invisible for 168 gold pieces
 95981 | Elf:1    | Identified the spear of the Moon {venom, rN+ MR} (You found it on level 1 of the Elven Halls)
 98728 | Elf:3    | You fall through a shaft!
 98877 | Elf:5    | Found Ageucaun's General Store.
101480 | Elf:4    | Noticed Donald
101495 | Elf:4    | Defeated Donald
101912 | Elf:4    | Found Ukuijaal's Food Boutique.
103317 | Elf:3    | Found Shism's Distillery.
103437 | Elf:3    | Noticed an orc priest
103442 | Elf:3    | Defeated an orc priest
103548 | Elf:3    | Noticed an orc priest
103556 | Elf:3    | Defeated an orc priest
105838 | Hive:2   | Learned a level 4 spell: Selective Amnesia
106107 | Elf:1    | Bought the ring of Coward {Ice +Lev rElec rPois Curse} for 1008 gold pieces
106564 | Elf:6    | Reached skill 17 in Conjurations
106566 | Elf:6    | Got an encrusted robe
106615 | Elf:6    | Got a crude long sword
106616 | Elf:6    | Identified the long sword "Orb Guardian's Regret" {slice, rPois AC+6 EV+1 SInv} (You found it on level 6 of the Elven Halls)
107117 | Elf:6    | Gained mutation: You are weak (Str -1).
107828 | Elf:6    | Gained mutation: You are dopey (Int -1).
108679 | Swamp:1  | Entered Level 1 of the Swamp
109766 | Swamp:1  | Noticed soul's ghost
113703 | Swamp:2  | Reached XP level 18. HP: 98/113 MP: 28/37
117096 | Swamp:4  | Noticed Aizul
117410 | Swamp:5  | Entered Level 5 of the Swamp
119412 | Swamp:4  | Got an iridescent long sword
119413 | Swamp:4  | Identified the long sword of Shrusuck {drain, rElec rF++ Dex+2 Int-5} (You found it on level 4 of the Swamp)
122409 | Swamp:5  | HP: 3/112 [four-headed hydra (14)]
122409 | Swamp:5  | Mangled by a four-headed hydra
